 Dungeon Crawl Stone Soup version 0.27.1-3-gb3d3a73c9e (webtiles) character file.

Game seed: 3566084252801532474

259 CuBeRJAN3 the Magician (level 5, -6/30 HPs)
             Began as a Deep Elf Fire Elementalist on Oct 7, 2021.
             Shot with an arrow by a centaur (13 damage)
             ... on level 5 of the Dungeon.
             The game lasted 00:12:35 (3800 turns).

CuBeRJAN3 the Magician (Deep Elf Fire Elementalist) Turns: 3800, Time: 00:12:35

Health: -6/30      AC:  3    Str:  5    XL:     5   Next: 95%
Magic:  10/14      EV: 16    Int: 21    God:
Gold:   129        SH:  0    Dex: 15    Spells: 2/13 levels left

rFire    + . .     SeeInvis .   c - staff of fire
rCold    . . .     Faith    .   (no shield)
rNeg     + . .     Spirit   .   a - +0 robe
rPois    .         Reflect  .   (no helmet)
rElec    .         Harm     .   (no cloak)
rCorr    .         Rampage  .   (no gloves)
Will     .....                  n - +0 pair of boots
Stlth    ++........             (no amulet)
HPRegen  0.10/turn              b - +4 ring of evasion
MPRegen  0.14/turn              h - ring of positive energy

@: no status effects
A: no striking features
a: no special abilities


You were on level 5 of the Dungeon.
You visited 1 branch of the dungeon, and saw 5 of its levels.

You collected 129 gold pieces.

Inventory:

Armour
 a - a +0 robe (worn)
 n - a +0 pair of boots (worn)
Magical Staves
 c - a staff of fire (weapon)
Jewellery
 b - a +4 ring of evasion (left hand)
 h - a ring of positive energy (right hand)
Scrolls
 e - 2 scrolls of noise
 g - 2 scrolls of fear {unknown}
 k - a scroll of summoning {unknown}
 l - a scroll of teleportation {unknown}
 m - 2 scrolls of fog
 p - a scroll of enchant armour {unknown}
 q - a scroll of magic mapping {unknown}
 r - a scroll of enchant weapon {unknown}
 s - a scroll of acquirement {unknown}
Potions
 d - 2 potions of might
 f - 2 potions of heal wounds
 i - a potion of flight
 j - a potion of haste
 o - a potion of berserk rage


   Skills:
 * Level 2.2 Fighting
 - Level 0.1 Staves
 - Level 2.4 Dodging
 + Level 3.6 Stealth
 * Level 4.8 Spellcasting
 + Level 2.4 Conjurations
 + Level 2.3 Hexes
 + Level 4.0 Fire Magic


You had 2 spell levels left.
You knew the following spells:

 Your Spells              Type           Power      Damage    Failure   Level
a - Foxfire               Conj/Fire      100%       2x1d9     3%          1
b - Conjure Flame         Conj/Fire      27%        6-21      9%          3
c - Inner Flame           Hex/Fire       27%        N/A       9%          3
d - Sticky Flame          Conj/Fire      27%        2d5       28%         4

Your spell library contained the following spells:

 Spells                   Type           Power      Damage    Failure   Level
 Fireball                 Conj/Fire      13%        3d7       63%         5


Dungeon Overview and Level Annotations

Branches:
Dungeon (5/15)
 Temple: D:4-7

Altars:

Annotations:
D:4 1 runed translucent door, exclusion: door, Edmund; Grinder; LemonRage's ghost, amateur DEIE


Message History

There is a stone staircase leading down here.
You climb downwards.
Found a scroll of identify and a scroll labelled JEKAUS PEM GOM.
There is a stone staircase leading up here.
s - a scroll of identify
g - 2 scrolls labelled JEKAUS PEM GOM (gained 1)
As you read the scroll of identify, it crumbles to dust.
m - 2 scrolls of fog
Found an escape hatch in the ceiling.
Found a scroll labelled HIOROU VAGRA.
Found 21 stones.
s - a scroll labelled HIOROU VAGRA
Found 4 gold pieces.
Found 4 large rocks.
You now have 129 gold pieces (gained 4).
A centaur comes into view.
Casting: Foxfire (safe; 3% risk of failure)
Confirm with . or Enter, or press ? or * to list all spells.
The spell is quite dangerous to cast (9% risk of failure)!
Continue anyway?
Aiming: Inner Flame (quite dangerous; 9% risk of failure)
Press: ? - help, Shift-Dir - straight line, f - centaur
Aim: a centaur, quivering arrows (asleep, chance to affect: 83%)
You feel a surge of power!
The centaur shouts!
The centaur is filled with an inner flame.
The centaur wields a +0 shortbow.
The centaur shoots an arrow.
The arrow misses you.
Casting: Foxfire (safe; 3% risk of failure)
Press: ? - help, Q - select action Dir - look around, f - activate You feel a surge of power!
You conjure some foxfire!
The centaur shoots an arrow.
The arrow hits you!
The centaur shoots an arrow.
The arrow hits you!
* * * LOW HITPOINT WARNING * * *
The centaur shoots an arrow.
The arrow closely misses you.
The centaur shoots an arrow.
The arrow hits you.
* * * LOW HITPOINT WARNING * * *
Your foxfire dissipates! x2
The centaur shoots an arrow.
The arrow misses you.
The centaur shoots an arrow.
The arrow hits you!
You die...

#...<.....#####.#........
#.........# #.#.......#
###.........## #..........
..............## #..........
................. #..........
.............#.#.##..........
..#..........#.#..#..........
( #..........#.# .#.###.#####
#.........@..##.#.# #.#
................... ...
#....(............. ....
#.................. .....
...##.............. .... ...
#..............
...................
.............c...
..................


You could see a centaur (inner flame).

Vanquished Creatures
  A phantom (D:3)
  An orc priest (D:3)
  4 gnolls (D:3)
  3 adders
  2 worms
  5 dart slugs
  7 orcs
  3 endoplasms
  5 goblins
  4 hobgoblins
  6 jackals (D:1)
  9 kobolds
  2 quokkas
  6 ball pythons
  6 bats
  2 frilled lizards
  5 rats
71 creatures vanquished.

Vanquished Creatures (others)
  210 foxfires
210 creatures vanquished.

Grand Total: 281 creatures vanquished

Notes
Turn   | Place    | Note
-------+----------+-------------------------------------------
     0 | D:1      | CuBeRJAN3 the Deep Elf Fire Elementalist began the quest
                  | for the Orb.
     0 | D:1      | Reached XP level 1. HP: 10/10 MP: 6/6
    90 | D:1      | Reached XP level 2. HP: 16/16 MP: 2/8
   323 | D:1      | Found a faded altar of an unknown god.
   554 | D:1      | Reached skill level 1 in Fighting
   643 | D:1      | Reached XP level 3. HP: 20/20 MP: 6/10
   645 | D:1      | Reached skill level 1 in Hexes
  1098 | D:2      | Learned a level 3 spell: Conjure Flame
  1102 | D:2      | Learned a level 3 spell: Inner Flame
  1729 | D:3      | Reached XP level 4. HP: 25/25 MP: 3/11
  1949 | D:3      | Learned a level 4 spell: Sticky Flame
  1975 | D:3      | Noticed a phantom
  2089 | D:3      | Killed a phantom
  2090 | D:3      | Reached XP level 5. HP: 21/30 MP: 8/13
  3178 | D:4      | Noticed Edmund
  3303 | D:4      | Found a runed translucent door.
  3304 | D:4      | Noticed LemonRage's ghost (amateur DEIE)
  3706 | D:4      | Noticed Grinder
  3737 | D:5      | Entered Level 5 of the Dungeon
  3792 | D:5      | Noticed a centaur
  3800 | D:5      | Shot with an arrow by a centaur

Illustrated notes

Levels and vault maps discovered:
D:1:      wander_arrival_estate, layout_basic, chequers_ecumenical_altar_simple,
          corexii_item_surrounded_by_moat
D:2:      layout_rooms, due_unseen_surprise
D:3:      layout_basic
D:4:      layout_basic, minmay_temple_entry_proselytizer,
          ebering_ghost_inner_flame, amcnicky_mini_pool_small,
          minmay_tree_intersection, uniq_grinder, uniq_edmund
D:5:      layout_basic, mainiacjoe_overflow_divided_tiny, gammafunk_ghost_arena,
          kennysheep_generic_room_8, uniq_sigmund

Skill      XL: |  1  2  3  4  5 |
---------------+----------------+-----
Fighting       | 1 2 |  2.2
Hexes          | 1 2 |  2.3
Stealth        | 3 |  3.6
Spellcasting   | 4 |  4.8
Conjurations   | 2 |  2.4
Fire Magic     | 4 |  4.0
Staves         | |  0.1
Dodging        | |  2.4

Action                   |  1- 3 |  4- 6 || total
-------------------------+-------+-------++-------
Melee: Staff             |     9 |       ||     9
 Cast: Foxfire           |    75 |    48 ||   123
       Inner Flame       |       |     5 ||     5
       Conjure Flame     |       |     4 ||     4
  Use: Scroll            |     2 |     5 ||     7
Armor: Robe              |       |     2 ||     2
Dodge: Dodged            |    13 |    20 ||    33
